 Dungeon Crawl Stone Soup version bcrawl-1.13.2 (webtiles) character file.

Game seed: 11086920668496168172

94 Heliosone the Skirmisher (level 4, 0/41 HPs)
             Began as a Djinni Reaver on Aug 10, 2019.
             Was a Follower of Vehumet.
             Slain by a hippogriff (3 damage)
             ... on level 2 of the Dungeon.
             The game lasted 00:03:14 (2126 turns).

Heliosone the Skirmisher (Djinni Reaver)            Turns: 2126, Time: 00:03:14

Health: 0/41       AC:  6    Str: 14    XL:     4   Next: 38%
Magic:  8/8        EV: 12    Int: 17    God:    Vehumet [*.....]
Gold:   257        SH:  0    Dex:  9    Spells: 9/9 levels left

rFire    . . .     SeeInvis .   a - +0 trident
rCold    . . .     Gourm    .   (no shield)
rNeg     . . .     Faith    .   b - +0 steam dragon scales
rPois    .         Spirit   .   k - +0 helmet
rElec    .         Reflect  .   (no cloak)
rCorr    .         Harm     .   (no gloves)
MR       .....     Rnd*Rage +   (boots unavailable)
Stlth    +.........             (no amulet)
HPRegen  0.13/turn              (no ring)
MPRegen  0.11/turn              (no ring)

@: flying
A: never pass out, berserk 2, blink, blurry vision 2, wild magic 2, MP-powered
wands, floating
a: Blink, Renounce Religion


You were on level 2 of the Dungeon.
You worshipped Vehumet.
Vehumet was aware of your devotion.
You were not hungry.

You visited 1 branch of the dungeon, and saw 3 of its levels.

You collected 257 gold pieces.

Inventory:

Hand Weapons
 a - a +0 trident (weapon)
Missiles
 h - 132 poisoned needles
 i - 62 needles of paralysis
Armour
 b - +0 steam dragon scales (worn)
 k - a +0 helmet (worn)
Scrolls
 d - 2 scrolls of immolation
 j - 2 scrolls of identify {unknown}
 l - a scroll of teleportation {unknown}
 m - a scroll of enchant weapon {unknown}
Potions
 c - a potion of haste
 e - 4 potions of curing {unknown}
 g - a potion of experience {unknown}
 o - a potion of mutation {unknown}
Comestibles
 f - 3 rations {!d}
 n - 4 chunks of flesh


   Skills:
 + Level 4.6 Fighting
 + Level 4.2 Polearms
 - Level 3.0 Dodging
 - Level 3.0 Spellcasting


You had 9 spell levels left.
You didn't know any spells.
Your spell library contained the following spells:

 Spells                   Type           Power        Failure   Level  Hunger
 Freeze                   Ice            #.....       32%         1    None
 Iskenderun's Battlesphe  Conj/Chrm      #.......     100%        5    ######.


Dungeon Overview and Level Annotations

Branches:
Dungeon (3/12)

Altars:
Uskayaw
Xom


Innate Abilities, Weirdness & Mutations

You never pass out after going berserk.
You often lose your temper in combat.
You can translocate small distances at will.
Scrolls take you longer to read.
Your spells are harder to cast, but more powerful.
You expend magic power (3 MP) to strengthen your wands.
Your body floats in the air.


Message History

The hippogriff claws you but does no damage.
You barely miss the hippogriff.
The hippogriff is lightly wounded.
The hippogriff bites you but does no damage.
The hippogriff misses you. The hippogriff barely misses you.
You barely miss the hippogriff.
The hippogriff is lightly wounded.
The hippogriff misses you. The hippogriff barely misses you.
The hippogriff claws you.
* * * LOW HITPOINT WARNING * * *
You puncture the hippogriff!
The hippogriff is moderately wounded.
The hippogriff bites you.
* * * LOW HITPOINT WARNING * * *
The hippogriff pecks you but does no damage.
The hippogriff claws you but does no damage.
The hippogriff bites you but does no damage.
The hippogriff pecks you but does no damage.
The hippogriff claws you.
You die...

.........# ##.#..#######.###.#
#.#.##..## #.......# #.##..#
#.#.##..# #..#..#.# #.##.##
#.#.##..# #..#..#.# #.##.#
....##..####..#..#.### #.##.#
.........<.......#...# #.##.#
#.####..###......###.# #.##.# ).#
#..##.....H.# #.# #.##.# ###
#..##......@# #.# #.##.#
######..##.#...#.# #.# #.##.#
........##.....#.# #.# #.##.#####
######..##.....#.###.# #.##......
.....................# #.##.####.
######.###..........####.........
...........(...#.##..........####
######.#.........###########.##..
#.##.##.##### #.#.).


You could see a hippogriff.

Vanquished Creatures
  A worker ant (D:2)
  A worm (D:2)
  A dart slug (D:1)
  3 leopard geckos
  4 orcs
  A ball python (D:2)
  A giant cockroach (D:2)
  A goblin (D:2)
  10 hobgoblins
  8 jackals
  5 kobolds
  2 quokkas
  7 bats
  4 frilled lizards
49 creatures vanquished.

Vanquished Creatures (others)
  5 toadstools (D:2)
5 creatures vanquished.

Grand Total: 54 creatures vanquished

Notes
Turn   | Place    | Note
-------+----------+-------------------------------------------
     0 | D:1      | Heliosone the Djinni Reaver began the quest for the Orb.
     0 | D:1      | Reached XP level 1. HP: 19/19 MP: 4/4
   149 | D:1      | Reached XP level 2. HP: 26/26 MP: 6/6
  1151 | D:2      | Reached XP level 3. HP: 32/33 MP: 7/7
  1395 | D:2      | Reached * piety under Vehumet
  1395 | D:2      | Offered knowledge of Freeze by Vehumet.
  1528 | D:2      | Gained mutation: Your spells are harder to cast, but more
                  | powerful. [Djinni growth]
  1528 | D:2      | Gained mutation: You can translocate small distances at
                  | will. [Djinni growth]
  1528 | D:2      | Reached XP level 4. HP: 32/41 MP: 8/8
  1598 | D:2      | Found a hide-covered altar of Uskayaw.
  1781 | D:2      | Found a shimmering altar of Xom.
  2041 | D:3      | Noticed an orc warrior
  2114 | D:3      | Noticed a hippogriff
  2126 | D:2      | Slain by a hippogriff

Skill      XL: |  1  2  3 |
---------------+----------+-----
Fighting       | 4 |  4.6
Polearms       | 4 |  4.2
Dodging        | |  3.0
Spellcasting   | |  3.0

Action                   |  1- 3 |  4- 6 || total
-------------------------+-------+-------++-------
Melee: Trident           |   139 |    51 ||   190
  Eat: Chunk             |     2 |     2 ||     4
Armor: Steam dragon scal |    49 |    17 ||    66
Dodge: Dodged            |    88 |    38 ||   126
